 Dungeon Crawl Stone Soup version 0.18-a0-1630-g6d03055 (webtiles) character file.

221 valsik64 the Caller (level 5, 0/30 HPs)
             Began as a Tengu Summoner on Mar 26, 2016.
             Killed by nerve-wracking pain
             ... invoked by Grinder
              (10 damage)
             ... on level 4 of the Dungeon.
             The game lasted 00:14:06 (3408 turns).

valsik64 the Caller (Tengu Summoner)                Turns: 3408, Time: 00:14:07

Health: 0/30       AC:  1    Str:  9    XL:     5   Next: 98%
Magic:  10/18      EV: 12    Int: 16    God:
Gold:   115        SH:  0    Dex: 14    Spells: 3 memorised, 2 levels left

rFire  . . .     SeeInvis .     m - +1 dagger (venom)
rCold  . . .     Gourm    .     p - -1 robe (curse)
rNeg   . . .     Faith    .     (no shield)
rPois  .         Spirit   .     (helmet restricted)
rElec  .         Dismiss  .     (no cloak)
rCorr  .         Reflect  .     (no gloves)
SustAt .         Harm     .     (boots unavailable)
MR     .....                    (no amulet)
Stlth  ++........               (no ring)
                                l - ring of magical power

@: not resistant to hostile enchantments, unstealthy
A: beak, talons 3, able to fly 1
a: Fly


You were on level 4 of the Dungeon.
You were not hungry.

You visited 1 branch of the dungeon, and saw 4 of its levels.

You collected 115 gold pieces.

Inventory:

Hand Weapons
 e - a +0 whip
 m - a +1 dagger of venom (weapon)
 t - a +0 blowgun
Missiles
 u - 7 poisoned needles
Armour
 a - a +0 robe
 p - a cursed -1 robe (worn)
 q - a +0 large shield
Jewellery
 l - a ring of magical power (left hand)
Scrolls
 h - 3 scrolls of identify {unknown}
 r - a scroll of teleportation
Potions
 d - a potion of might {unknown}
 f - a potion of cancellation {unknown}
 g - 2 potions of lignification {unknown}
 j - 3 potions of curing {unknown}
 k - a potion of cure mutation {unknown}
 n - a potion of flight {unknown}
 o - a potion of degeneration {unknown}
Books
 b - a book of Callings

   Spells                             Type                      Level
   a - Summon Small Mammal            Summoning                    1
   b - Call Imp                       Summoning                    2
   c - Call Canine Familiar           Summoning                    3
   d - Summon Guardian Golem          Hexes/Summoning              3
   e - Summon Lightning Spire         Summoning/Air                4
   f - Summon Ice Beast               Ice/Summoning                4
 s - a book of Maledictions

   Spells                             Type                      Level
   a - Corona                         Hexes                        1
   b - Ensorcelled Hibernation        Hexes/Ice                    2
   c - Confuse                        Hexes                        3
   d - Tukima's Dance                 Hexes                        3
   e - Dazzling Spray                 Conjuration/Hexes            3
Comestibles
 c - 3 bread rations
 i - 3 meat rations


   Skills:
 - Level 2.0 Fighting
 - Level 2.1 Dodging
 - Level 2.0 Stealth
 - Level 2.0 Spellcasting
 + Level 7.9 Summonings


You had 2 spell levels left.
You knew the following spells:

 Your Spells              Type           Power        Failure   Level  Hunger
a - Summon Small Mammal   Summ           ####         1%          1    #......
b - Call Imp              Summ           ####....     1%          2    ###....
c - Call Canine Familiar  Summ           ####....     2%          3    ###....


Dungeon Overview and Level Annotations

Branches:
Dungeon (4/15)
 Temple: D:4-7

Altars:
Gozag
Pakellas

Annotations:
D:4 Duvessa, Grinder


Innate Abilities, Weirdness & Mutations

You have a beak for a mouth.
You have claws for feet.
You can fly.


Message History

Orders for allies: a - Attack new target. p - Attack previous target. r - Retreat! s - Stop attacking. w - Wait here. f - Follow me.
Anything else - Stay silent.
Gang up on whom?
Press: ? - help, Dir - move target cursor, f/p - scorpion
Aim: a scorpion (moderately wounded) Attack!
Your crimson imp disappears in a puff of smoke!
Your hound bites the scorpion.
Your hound misses the scorpion. Grinder barely misses you.
The orc barely misses your hound.
Your hound bites the scorpion but does no damage.
The orc closely misses your hound.
Found a whip.
Your hound bites the scorpion but does no damage.
Your hound barely misses the scorpion.
Grinder gestures at you. Pain shoots through your body!
You die...

#...#####.....##.##.##..
.. #.......).##.....#..
#.........##.....#..
#........)..#....#..
#.........#.#.......
#.........#o#.......
#.........#ยง####.5..
######.h.)#.##.....)
#.@.5s.o...##......
#..........##......
)..............+......
...............##......
................####+#..
..####..........# #.. .
#######.##.# #.. #.# .#
... ###


You could see Grinder, a scorpion, an orc and a friendly hound.

Vanquished Creatures
  Natasha (D:2)
  2 worker ants (D:4)
  2 adders
  2 dart slugs (D:3)
  2 orcs
  2 giant cockroaches
  8 goblins
  3 hobgoblins
  6 jackals
  4 kobolds
  A quokka (D:3)
  4 bats
  4 rats
41 creatures vanquished.

Vanquished Creatures (collateral kills)
  Dowan (D:4)
  Jessica (D:2)
  Robin (D:2)
  An adder (D:4)
  2 worms (D:2)
  3 dart slugs
  7 orcs
  A giant cockroach (D:3)
  9 goblins
  4 hobgoblins
  8 jackals
  3 kobolds
  A ball python skeleton (D:4)
  5 bats
  3 giant newts
  A rat (D:1)
51 creatures vanquished.

Grand Total: 92 creatures vanquished

Notes
Turn   | Place    | Note
--------------------------------------------------------------
     0 | D:1      | valsik64 the Tengu Summoner began the quest for the Orb.
     0 | D:1      | Reached XP level 1. HP: 10/10 MP: 4/4
    75 | D:1      | Reached skill level 5 in Summonings
   139 | D:1      | Reached skill level 1 in Fighting
   139 | D:1      | Reached XP level 2. HP: 10/16 MP: 4/6
   385 | D:1      | Learned a level 2 spell: Call Imp
   631 | D:2      | Noticed Jessica
   761 | D:2      | Killed Jessica
   761 | D:2      | Reached XP level 3. HP: 19/21 MP: 7/7
   837 | D:2      | Found an oddly glowing altar of Pakellas.
   914 | D:2      | Found an opulent altar of Gozag.
  1107 | D:2      | Noticed Robin
  1134 | D:2      | Killed Robin
  1191 | D:2      | Reached XP level 4. HP: 22/26 MP: 8/8
  1391 | D:2      | Reached skill level 6 in Summonings
  1678 | D:2      | Noticed Natasha
  1687 | D:2      | Killed Natasha
  2272 | D:3      | Learned a level 3 spell: Call Canine Familiar
  2662 | D:3      | Gained mutation: You can fly. [Tengu growth]
  2662 | D:3      | Reached XP level 5. HP: 18/30 MP: 9/9
  2952 | D:3      | Reached skill level 7 in Summonings
  3217 | D:4      | Noticed Dowan
  3223 | D:4      | Noticed Duvessa
  3227 | D:4      | Killed Dowan
  3374 | D:4      | Noticed Grinder
  3408 | D:4      | Killed from afar by Grinder

Vault maps used:
D:1:      saegor_arrival_simple_b
D:2:      grunt_gozag_breadcrumbs, marbit_many_paths, uniq_natasha, uniq_robin,
          uniq_jessica
D:4:      first_bread, uniq_duvessa, uniq_grinder

Skill      XL: |  1  2  3  4  5 |
---------------+----------------+-----
Summonings     | 5 6 7 |  7.9
Fighting       | 1 2 |  2.0
Dodging        | |  2.1
Stealth        | |  2.0
Spellcasting   | |  2.0

Action                   |  1- 3 |  4- 6 || total
-------------------------+-------+-------++-------
Melee: Whip              |    43 |       ||    43
       Unarmed           |     1 |       ||     1
       Dagger            |     1 |    68 ||    69
 Cast: Summon Small Mamm |    12 |     1 ||    13
       Call Imp          |    15 |    17 ||    32
       Call Canine Famil |       |     9 ||     9
  Use: Scroll            |       |     1 ||     1
 Stab: Sleeping          |     1 |     3 ||     4
  Eat: Chunk             |     2 |     9 ||    11
